 Dungeon Crawl Stone Soup version 0.25.0-15-gac7dcb8 (webtiles) character file.

Game seed: 12800073627444946337

328 Cheivey the Caller (level 6, -6/41 HPs)
             Began as a Barachi Summoner on June 28, 2020.
             Killed by divine providence
             ... invoked by an orc priest
              (13 damage)
             ... on level 4 of the Dungeon.
             The game lasted 00:14:23 (5171 turns).

Cheivey the Caller (Barachi Summoner)               Turns: 5171, Time: 00:14:25

Health: -6/41      AC:  3    Str:  9    XL:     6   Next: 50%
Magic:  7/21       EV: 12    Int: 18    God:
Gold:   152        SH:  5    Dex: 12    Spells: 7/13 levels left

rFire    + . .     SeeInvis .   j - +5 dagger (elec)
rCold    . . .     Gourm    .   (no shield)
rNeg     . . .     Faith    .   h - +1 robe {rF+}
rPois    .         Spirit   .   (no helmet)
rElec    .         Reflect  +   (no cloak)
rCorr    .         Harm     .   (no gloves)
MR       +....                  (no boots)
Stlth    ++........             g - amulet of reflection
HPRegen  0.13/turn              s - ring of protection from magic
MPRegen  0.17/turn              t - ring of magical power

@: lightly drained, slow
A: +LOS, swims, slowness 1, strong legs 1
a: Hop


You were on level 4 of the Dungeon.
You were not hungry.

You visited 1 branch of the dungeon, and saw 4 of its levels.

You collected 152 gold pieces.

Inventory:

Hand Weapons
 j - a +5 dagger of electrocution (weapon)
Armour
 a - a +0 robe
 h - a +1 robe of fire resistance (worn)
Jewellery
 e - an uncursed amulet of regeneration
 g - an amulet of reflection (around neck)
 s - a ring of protection from magic (left hand)
 t - a ring of magical power (right hand)
Wands
 p - a wand of acid (4)
Scrolls
 b - a scroll of amnesia
 d - a scroll of fog
 f - a scroll of teleportation {unknown}
 i - a scroll of identify
 n - 3 scrolls of remove curse
Potions
 k - a potion of flight
Comestibles
 c - 2 rations
 l - 4 chunks of flesh


   Skills:
 + Level 2.2(2.1) Dodging
 + Level 1.8(1.7) Stealth
 + Level 4.4(4.3) Spellcasting
 * Level 0.3(0.2) Hexes
 * Level 7.6(7.5) Summonings


You had 7 spell levels left.
You knew the following spells:

 Your Spells              Type           Power        Failure   Level  Hunger
a - Summon Small Mammal   Summ           ####         1%          1    None
b - Call Imp              Summ           ####....     1%          2    ##.....
c - Summon Guardian Gole  Hex/Summ       ###.....     9%          3    ###....

Your spell library contained the following spells:

 Spells                   Type           Power        Failure   Level  Hunger
 Call Canine Familiar     Summ           ####....     1%          3    ###....
 Summon Ice Beast         Ice/Summ       ###.....     30%         4    ####...
 Summon Lightning Spire   Summ/Air       ###.....     30%         4    ####...


Dungeon Overview and Level Annotations

Branches:
Dungeon (4/15)
 Temple: D:4-7

Altars:
Makhleb
Nemelex Xobeh
Vehumet

Shops:
D:4 ?


Innate Abilities, Weirdness & Mutations

You can be seen from farther away. (+LOS)
You can swim through water.
You cover ground slowly.
You can hop short distances.


Message History

Your crimson imp blinks!
The orc hits your guardian golem.
Your guardian golem overheats!
Casting: Call Imp (safe; 1% risk of failure)
Confirm with . or Enter, or press ? or * to list all spells.
A metallic apparition takes form in the air.
The orc hits your guardian golem but does no damage.
Casting: Call Imp (safe; 1% risk of failure)
Confirm with . or Enter, or press ? or * to list all spells.
A shadowy apparition takes form in the air.
Your guardian golem disappears in a puff of smoke!
Your shadow imp gestures at the orc.
The orc writhes in agony!
The orc dies!
The orc priest calls down the wrath of Beogh upon you.
Beogh smites you!
* * * LOW HITPOINT WARNING * * *
The orc priest mumbles some strange prayers to Beogh against you.
Beogh smites you!
You die...

#o#(.....#######
#o#......##....#
#o#............#
#.#####......).#
###5## #......).###
#.5..########'#.5.55
#.5).'........#.#.##
#..55##########.#∩#
###@............#.#
#.#############.#
#.# #.# #.# ..# ..#
### ###


You could see 2 orc priests, an orc, a friendly iron imp (summoned, expiring), 2
friendly crimson imps and 2 friendly shadow imps.

Vanquished Creatures
  Eustachio (D:4)
  An orc wizard (D:4)
  A gnoll (D:3)
  2 goblins (D:4)
  A hobgoblin (D:3)
6 creatures vanquished.

Vanquished Creatures (collateral kills)
  An ogre (D:4)
  2 orc wizards (D:4)
  Ijyb (D:4)
  An iguana (D:4)
  A hound skeleton (D:4)
  Robin (D:4)
  4 adders
  2 gnolls (D:3)
  2 oozes
  A worm (D:2)
  A leopard gecko (D:1)
  5 orcs (D:4)
  3 giant cockroaches
  9 goblins
  5 hobgoblins
  2 jackals (D:3)
  A ball python (D:2)
  3 bats
  A frilled lizard (D:2)
  5 kobolds
  4 rats
55 creatures vanquished.

Grand Total: 61 creatures vanquished

Notes
Turn   | Place    | Note
-------+----------+-------------------------------------------
     0 | D:1      | Cheivey the Barachi Summoner began the quest for the Orb.
     0 | D:1      | Reached XP level 1. HP: 13/13 MP: 3/3
   388 | D:1      | Reached skill level 5 in Summonings
   969 | D:2      | Reached XP level 2. HP: 19/19 MP: 0/5
  1068 | D:2      | Learned a level 2 spell: Call Imp
  1941 | D:2      | Reached XP level 3. HP: 24/24 MP: 1/6
  3382 | D:3      | Reached XP level 4. HP: 30/30 MP: 3/9
  4365 | D:4      | Found a burning altar of Makhleb.
  4365 | D:4      | Found a sparkling altar of Nemelex Xobeh.
  4370 | D:4      | Found a radiant altar of Vehumet.
  4373 | D:4      | Found a faded altar of an unknown god.
  4375 | D:4      | Found a faded altar of an unknown god.
  4488 | D:4      | Noticed Robin
  4513 | D:4      | Killed Robin
  4513 | D:4      | Reached skill level 6 in Summonings
  4565 | D:4      | Noticed Ijyb
  4578 | D:4      | Killed Ijyb
  4689 | D:4      | Reached XP level 5. HP: 35/35 MP: 10/10
  4721 | D:4      | Found Ozeucar's Magic Scroll Emporium.
  4738 | D:4      | Noticed an ogre
  4762 | D:4      | Killed an ogre
  4918 | D:4      | Noticed Eustachio
  4932 | D:4      | Killed Eustachio
  4932 | D:4      | Reached skill level 7 in Summonings
  4932 | D:4      | Reached XP level 6. HP: 33/41 MP: 2/12
  4939 | D:4      | Learned a level 3 spell: Summon Guardian Golem
  5171 | D:4      | Killed from afar by an orc priest

Illustrated notes

Levels and vault maps discovered:
D:1:      mrwooster_arrival_statue, layout_basic
D:2:      layout_loops_ring, first_ration
D:3:      layout_basic
D:4:      layout_basic, chequers_temple_overflow_minitemple, serial_shops, shop,
          uniq_robin, uniq_blork_the_orc, uniq_eustachio, uniq_ijyb

Skill      XL: |  1  2  3  4  5 |
---------------+----------------+-----
Summonings     | 5 6 7 |  7.6
Spellcasting   | 3 4 |  4.4
Dodging        | |  2.2
Stealth        | |  1.8
Hexes          | |  0.3

Action                   |  1- 3 |  4- 6 || total
-------------------------+-------+-------++-------
Melee: Unarmed           |    10 |       ||    10
       Dagger            |       |    11 ||    11
 Cast: Summon Small Mamm |    52 |    13 ||    65
       Call Imp          |    32 |    51 ||    83
       Summon Guardian G |       |     2 ||     2
  Use: Potion            |     3 |     3 ||     6
       Scroll            |       |    10 ||    10
  Eat: Chunk             |     3 |       ||     3
       Ration            |     3 |     2 ||     5
Armor: Robe              |     5 |     2 ||     7
Dodge: Dodged            |    11 |     8 ||    19
Block: Other             |     5 |       ||     5
